 Dungeon Crawl Stone Soup version 0.20-a0-2-g2b0e13a (webtiles) character file.

2753 TheGoonsmith the Frost Mage (level 9, -1/57 HPs)
             Began as a Merfolk Ice Elementalist on Oct 28, 2016.
             Was a Believer of Dithmenos.
             Slain by an unseen horror (4 damage)
             ... on level 8 of the Dungeon.
             The game lasted 00:18:04 (7896 turns).

TheGoonsmith the Frost Mage (MfIE)                  Turns: 7896, Time: 00:18:05

Health: -1/57      AC: 11    Str:  8    XL:     9   Next: 68%
Magic:  4/30       EV: 13    Int: 16    God:    Dithmenos [**....]
Gold:   351        SH:  6    Dex: 16    Spells: 8 memorised, 0 levels left

rFire  + + .     SeeInvis .     l - +3 Elemental Staff {rElec rF++ rC++ MR++ AC+5}
rCold  + + .     Gourm    .     v - +1 robe
rNeg   . . .     Faith    .     (no shield)
rPois  .         Spirit   .     (no helmet)
rElec  +         Reflect  +     y - +2 cloak
rCorr  .         Harm     .     F - -1 pair of gloves (curse)
MR     ++...                    (no boots)
Stlth  +++.......               o - +6 amulet of reflection
                                (no ring)
                                h - ring of magical power

@: about to teleport, wreathed by umbra
A: change form in water, swift swim, stealthy swim
a: Shadow Step, Renounce Religion


You were on level 8 of the Dungeon.
You worshipped Dithmenos.
Dithmenos was pleased with you.
You were not hungry.

You visited 2 branches of the dungeon, and saw 10 of its levels.

You collected 351 gold pieces.

Inventory:

Hand Weapons
 b - a +1 quarterstaff
 g - a +0 club
 j - a +0 spear
 l - the +3 Elemental Staff (weapon) {rElec rF++ rC++ MR++ AC+5}
   (You found it on level 4 of the Dungeon)

   It affects your AC (+5).
   It greatly protects you from fire.
   It greatly protects you from cold.
   It insulates you from electricity.
   It affects your resistance to hostile enchantments.
Missiles
 i - 17 tomahawks (quivered)
 z - 6 steel javelins
 J - 2 throwing nets
Armour
 q - +0 fire dragon scales
 v - a +1 robe (worn)
 y - a +2 cloak (worn)
 F - a cursed -1 pair of gloves (worn)
 P - a cursed +0 buckler
Magical Staves
 a - an uncursed staff of power
 S - an uncursed staff of death {unknown}
Jewellery
 e - an uncursed ring of fire {unknown}
 h - a ring of magical power (left hand)
 o - a +6 amulet of reflection (around neck)
 O - a cursed amulet of inaccuracy {unknown}
Wands
 C - a wand of paralysis (24/24)
 K - a wand of digging (10/24)
 N - a wand of iceblast (11/15)
Scrolls
 k - 4 scrolls of remove curse
 m - 2 scrolls of magic mapping
 n - a scroll of fog
 r - a scroll of identify
 E - a scroll of enchant weapon
Potions
 d - 2 potions of magic
 w - a potion of curing
 x - 3 potions of brilliance
 B - 3 potions of might
 G - a potion of cancellation {unknown}
 I - 2 potions of lignification
 L - a potion of degeneration {unknown}
 Q - a potion of invisibility {unknown}
Books
 p - a book of Frost

   Spells                             Type                      Level
   a - Freeze                         Ice                          1
   b - Throw Frost                    Conjuration/Ice              2
   c - Ozocubu's Armour               Charms/Ice                   3
   d - Throw Icicle                   Conjuration/Ice              4
   e - Summon Ice Beast               Ice/Summoning                4
 H - a book of Dreams

   Spells                             Type                      Level
   a - Ensorcelled Hibernation        Hexes/Ice                    2
   b - Silence                        Hexes/Air                    5
   c - Darkness                       Hexes                        6
   d - Shadow Creatures               Summoning                    6
 M - a book of Minor Magic

   Spells                             Type                      Level
   a - Magic Dart                     Conjuration                  1
   b - Blink                          Translocation                2
   c - Call Imp                       Summoning                    2
   d - Repel Missiles                 Charms/Air                   2
   e - Slow                           Hexes                        2
   f - Conjure Flame                  Conjuration/Fire             3
   g - Mephitic Cloud                 Conjuration/Poison/Air       3
Comestibles
 c - 6 bread rations
 s - 2 royal jellies
 t - a beef jerky
 u - 7 fruits
 A - 2 slices of pizza
 R - 7 chunks of flesh


   Skills:
 - Level 2.6 Dodging
 - Level 2.1 Stealth
 - Level 8.2 Spellcasting
 - Level 2.6 Conjurations
 + Level 4.0 Charms
 - Level 3.6 Summonings
 - Level 8.5 Ice Magic


You couldn't memorise any spells.
You knew the following spells:

 Your Spells              Type           Power        Failure   Level  Hunger
a - Freeze                Ice            ####         1%          1    None
b - Throw Frost           Conj/Ice       ###...       1%          2    None
c - Summon Ice Beast      Ice/Summ       ####....     12%         4    ###....
d - Shadow Creatures      Summ           N/A          100%        6    ######.
e - Blink                 Tloc           N/A          17%         2    None
q - Ozocubu's Armour      Chrm/Ice       ####....     2%          3    #......
r - Repel Missiles        Chrm/Air       ##....       10%         2    None
x - Throw Icicle          Conj/Ice       ###.....     12%         4    ###....


Dungeon Overview and Level Annotations

Branches:
Dungeon (9/15)             Temple (1/1) D:4
   Lair: D:8-11         Orc: D:9-12

Altars:
Ashenzari
Cheibriados
Dithmenos
Fedhas
Kikubaaqudgha
Makhleb
Nemelex Xobeh
Okawaru
Qazlal
Sif Muna
Uskayaw
Xom
Yredelemnul
Zin
The Shining One


Message History

* * * LOW HITPOINT WARNING * * *
You feel better. Something hits you.
* * * LOW HITPOINT WARNING * * *
Something hits you!
* * * LOW HITPOINT WARNING * * *
It was a potion of heal wounds.
You feel much better. Something hits you but does no damage.
Something hits you. Something hits you!
* * * LOW HITPOINT WARNING * * *
Something hits you but does no damage. x2
You feel better. Something hits you.
* * * LOW HITPOINT WARNING * * *
Okay, then.
As you read the scroll of teleportation, it crumbles to dust.
You feel strangely unstable. Something hits you but does no damage.
Something hits you!
* * * LOW HITPOINT WARNING * * *
Something hits you.
You die...

#.# #.# #.# #.#
############ #.#
#..)........
#.#####.#####.####
#...............#
#.#####.#####.#.##
#@................
#.#####...........
#.# #.........##
#.#####..####...##
#.................
#######>..........
##########..####.....
#.........).# #...##
########.##.# ##...#


There were no monsters in sight!

Vanquished Creatures
  2 hornets (D:8)
  A hippogriff (D:8)
  Sigmund (D:4)
  A hungry ghost (D:6)
  3 orc warriors
  A sky beast (D:8)
  An eye of draining (D:9)
  2 bullfrogs
  2 scorpions
  A wight (D:4)
  A howler monkey (D:5)
  2 crimson imps
  4 hounds
  A jelly (D:6)
  A centaur skeleton (D:8)
  2 orc priests (D:6)
  8 orc wizards
  An iguana (D:9)
  8 worker ants
  A hound skeleton (D:6)
  A worker ant zombie (D:7)
  6 gnolls
  A howler monkey skeleton (D:5)
  8 adders
  2 shadow imps
  2 oozes
  2 worms
  3 dart slugs
  6 leopard geckos
  20 orcs
  2 ball pythons
  8 bats
  5 giant cockroaches
  3 goblins
  2 hobgoblins (D:1)
  A quokka (D:6)
  4 frilled lizards
  8 kobolds
  A leopard gecko skeleton (D:8)
  A quokka skeleton (D:8)
  4 rats
134 creatures vanquished.

Vanquished Creatures (collateral kills)
  An ogre (D:9)
  2 wights (D:4)
  2 gnolls (D:9)
5 creatures vanquished.

Grand Total: 139 creatures vanquished

Notes
Turn   | Place    | Note
-------+----------+-------------------------------------------
     0 | D:1      | TheGoonsmith the Merfolk Ice Elementalist began the quest for the Orb.
     0 | D:1      | Reached XP level 1. HP: 13/13 MP: 3/3
   295 | D:1      | Reached XP level 2. HP: 19/19 MP: 1/5
   717 | D:1      | Reached XP level 3. HP: 24/24 MP: 4/6
  1706 | D:3      | Reached XP level 4. HP: 8/30 MP: 3/8
  2080 | D:3      | Reached skill level 5 in Ice Magic
  2084 | D:3      | Learned a level 2 spell: Throw Frost
  2088 | D:3      | Learned a level 3 spell: Ozocubu's Armour
  2199 | D:3      | Reached XP level 5. HP: 32/35 MP: 5/9
  2842 | D:4      | Learned a level 4 spell: Summon Ice Beast
  2857 | D:4      | Found a staircase to the Ecumenical Temple.
  2869 | Temple   | Entered the Ecumenical Temple
  3040 | Temple   | Became a worshipper of Dithmenos the Shadowed
  3122 | D:4      | Noticed Sigmund
  3169 | D:4      | Killed Sigmund
  3169 | D:4      | Reached XP level 6. HP: 19/41 MP: 11/11
  3405 | D:4      | Reached XP level 7. HP: 23/46 MP: 13/13
  3778 | D:5      | Entered Level 5 of the Dungeon
  3840 | D:5      | Found a snail-covered altar of Cheibriados.
  4259 | D:5      | Found a glowing silver altar of Zin.
  4312 | D:6      | Found a hide-covered altar of Uskayaw.
  4406 | D:6      | Reached * piety under Dithmenos
  4632 | D:6      | Reached skill level 5 in Spellcasting
  4632 | D:6      | Reached XP level 8. HP: 32/52 MP: 14/15
  4757 | D:6      | Learned a level 4 spell: Throw Icicle
  4776 | D:6      | Reached skill level 1 in Conjurations
  4811 | D:6      | Reached skill level 1 in Summonings
  6262 | D:7      | Reached ** piety under Dithmenos
  6721 | D:8      | Noticed a hippogriff
  6732 | D:8      | Killed a hippogriff
  6732 | D:8      | Reached XP level 9. HP: 57/57 MP: 15/19
  6772 | D:8      | Learned a level 6 spell: Shadow Creatures
  6815 | D:8      | Noticed a hornet
  6817 | D:8      | Paralysed by a hornet for 3 turns
  6825 | D:8      | Paralysed by a hornet for 2 turns
  6832 | D:8      | Killed a hornet
  7112 | D:8      | Noticed a hornet
  7119 | D:8      | Killed a hornet
  7623 | D:9      | Learned a level 2 spell: Repel Missiles
  7626 | D:9      | Learned a level 2 spell: Blink
  7896 | D:8      | Slain by an unseen horror

Vault maps used:
D:1:      onia_arrival_mini_spirals, minivault_11, kennysheep_doodads
D:3:      grunt_ministairs_14
D:4:      first_bread, serial_bayou_crossing, uniq_sigmund
D:5:      lemuel_coloured_pillars_altar, kennysheep_slug_shrine
D:6:      eat_drink_and_be_merry_uskayaw, kennysheep_generic_room_8
D:9:      minmay_overflow_temple_hex, orc_0_dummy, serial_gnoll_camp,
          gnoll_camp_mini_sergeant, gnoll_camp_mini_loothouse,
          gnoll_camp_mini_hut, gnoll_camp_medium_01, gnoll_camp_mini_basic,
          gnoll_camp_huts_basic, the_bakery
Temple:   dshaligram_water_room_temple

Skill      XL: |  1  2  3  4  5  6  7  8  9 |
---------------+----------------------------+-----
Ice Magic      | 4 5 6 7 8 |  8.5
Spellcasting   | 3 4 5 6 8 |  8.2
Conjurations   | 2 |  2.6
Summonings     | 3 |  3.6
Charms         | 4 |  4.0
Dodging        | |  2.6
Stealth        | |  2.1

Action                   |  1- 3 |  4- 6 |  7- 9 || total
-------------------------+-------+-------+-------++-------
Melee: Spear             |     7 |       |       ||     7
       Quarterstaff      |    13 |    10 |       ||    23
       Staff             |       |    26 |   102 ||   128
 Cast: Freeze            |    45 |    51 |   202 ||   298
       Throw Frost       |       |     5 |     1 ||     6
       Ozocubu's Armour  |       |       |    19 ||    19
       Summon Ice Beast  |       |       |    12 ||    12
  Use: Scroll            |       |    10 |     8 ||    18
       Potion            |       |       |     4 ||     4
 Stab: Sleeping          |     1 |       |     1 ||     2
       Distracted        |       |       |     1 ||     1
  Eat: Chunk             |     3 |     4 |    14 ||    21
       Meat ration       |       |       |     1 ||     1
       Beef jerky        |       |       |     1 ||     1
Armor: Robe              |     9 |    16 |   117 ||   142
Dodge: Dodged            |    30 |    48 |   146 ||   224
Block: Other             |       |    12 |    84 ||    96
       Reflection        |       |       |     6 ||     6
